 Dungeon Crawl Stone Soup version 0.31-a0-358-gac0dbeb3ab (webtiles) character file.

Game seed: 6018557179828578638

0 Essalna the Gusty (level 1, 0/10 HPs)
             Began as a Tengu Air Elementalist on July 25, 2023.
             Succumbed to a goblin's poison
             ... on level 1 of the Dungeon.
             The game lasted 00:00:16 (187 turns).

Essalna the Gusty (Tengu Air Elementalist)           Turns: 187, Time: 00:00:16

Health: 0/10       AC:  2    Str:  8    XL:     1   Next: 10%
Magic:  0/4        EV: 12    Int: 15    God:
Gold:   9          SH:  0    Dex: 14    Spells: 3/4 levels left

rFire   . . .        (no weapon)
rCold   . . .        (no shield)
rNeg    . . .        a - +0 robe
rPois   .            (helmet restricted)
rElec   .            (no cloak)
rCorr   .            (no gloves)
SInv    .            (boots unavailable)
Will    .....        (no amulet)
Stlth   ++           (no ring)
HPRegen 0.21/turn    (no ring)
MPRegen 0.09/turn

%: no passive effects
@: lethally poisoned (0 -> -14)
A: beak, talons 3
a: no special abilities


You were on level 1 of the Dungeon.
You visited 1 branch of the dungeon, and saw 1 of its levels.

You collected 9 gold pieces.

Inventory:

Armour
 a - a +0 robe (worn)
Scrolls
 c - a scroll of teleportation {unknown}
Potions
 b - a potion of magic


   Skills:
 + Level 0.0 Fighting
 - Level 2.1 Dodging
 - Level 2.0 Stealth
 - Level 2.0 Spellcasting
 + Level 1.4 Conjurations
 + Level 4.0 Air Magic


You had 3 spell levels left.
You knew the following spells:

 Your Spells              Type           Power      Damage    Failure   Level
a - Shock                 Conj/Air       36%        1d5       8%          1

Your spell library contained the following spells:

 Spells                   Type           Power      Damage    Failure   Level
 Static Discharge         Conj/Air       18%        2-3/arc   11%         2
 Swiftness                Air            13%        N/A       13%         3
 Airstrike                Air            6%         2d(1-17)  38%         4


Dungeon Overview and Level Annotations

Branches:
Dungeon (1/15)

Altars:


Innate Abilities, Weirdness & Mutations

You have a beak for a mouth.
You have claws for feet.


Message History

The bat hits you but does no damage. The bat hits you.
You miss the bat. The bat hits you but does no damage.
The bat closely misses you.
You closely miss the bat. Your peck misses the bat. The bat misses you.
You hit the bat but do no damage. Your kick misses the bat.
Your peck misses the bat.
The goblin shouts!
The bat closely misses you.
You hit the bat but do no damage. You peck the bat, but do no damage.
The bat hits you.
You closely miss the bat. You claw the bat, but do no damage.
The bat closely misses you.
You barely miss the bat. Your kick misses the bat.
The bat hits you but does no damage. The bat hits you.
The goblin hits you but does no damage.
You are too injured to fight recklessly!
You are too injured to fight recklessly!
You are too injured to fight recklessly!
You are too injured to fight recklessly!
You are too injured to fight recklessly!
You are too injured to fight recklessly!
You are too injured to fight recklessly!
You are too injured to fight recklessly!
You are too injured to fight recklessly!
Casting: Shock (safe; 8% risk of failure)
Confirm with . or Enter, or press ? or * to list all spells.
Aiming: Shock (safe; 8% risk of failure)
Press: ? - help, Shift-Dir - straight line, f/p - bat
Aim: a bat (52% to hit)
The zap hits the goblin.
The goblin is almost dead.
The zap misses the bat.
The bat barely misses you.
The goblin hits you with a +2 dagger of venom.
Ouch! That really hurt!
* * * LOW HITPOINT WARNING * * *
You are lethally poisoned!
You hit the goblin.
You kill the goblin!
You die...

..... #............#
.#... #............#
#... #............# #...
#.$.......... #...
#........... #...
#....b....# ##+#
#.....))..# #.#
#......@..# #+###.#
#.........+ #......
#.........##############
#####...................
####################


You could see a bat.

Vanquished Creatures
  A goblin (D:1)
  A rat (D:1)
2 creatures vanquished.

Notes
Turn   | Place    | Note
-------+----------+-------------------------------------------
     0 | D:1      | Essalna the Tengu Air Elementalist began the quest for the
                  | Orb.
     0 | D:1      | Reached XP level 1. HP: 10/10 MP: 4/4
   187 | D:1      | Succumbed to a goblin's poison

Illustrated notes

Levels and vault maps discovered:
D:1:      sevenhm_arrival_forest_fort_small_4, layout_basic,
          amcnicky_mini_corridor_feature

Action                     || total
---------------------------++-------
  Melee: Unarmed           ||     8
         Kick              ||     1
         Peck              ||     1
   Cast: Shock             ||     6
 Armour: Robe              ||     4
  Dodge: Dodged            ||     8

Table legend: (Time is in decaauts)
 A = Elapsed time spent in this place.
 B = Non-inter-level travel time spent in this place.
 C = Inter-level travel time spent in this place.
 D = Time resting spent in this place.
 E = Time spent auto-exploring this place.
 F = Levels seen in this place.
 G = Mean time per level.
                   A        B        C        D        E       F      G
               +--------+--------+--------+--------+--------+-----+--------+
         Total |    190 |    190 |      0 |      0 |    167 |   1 |  190.0 |
       Dungeon |    190 |    190 |      0 |      0 |    167 |   1 |  190.0 |
               +--------+--------+--------+--------+--------+-----+--------+

Top non-repeatable levels by time:
     D:1: 190 daAuts
